 Dungeon Crawl Stone Soup version 0.27.1-34-g3ba077fa99 (webtiles) character file.

Game seed: 18096376285366839626

12 Sharkman1231 the Vexing (level 2, 0/20 HPs)
             Began as a Demonspawn Enchanter on Jan 19, 2022.
             Slain by a jackal (2 damage)
             ... on level 1 of the Dungeon.
             The game lasted 00:00:40 (937 turns).

Sharkman1231 the Vexing (Demonspawn Enchanter)       Turns: 937, Time: 00:00:40

Health: 0/20       AC:  2    Str:  5 (8)  XL:     2   Next: 20%
Magic:  5/5        EV: 12    Int: 15 (16) God:
Gold:   0          SH:  4    Dex: 12 (13) Spells: 4/5 levels left

rFire    x . .     SeeInvis .   a - +1 dagger (flame)
rCold    + . .     Faith    .   (no shield)
rNeg     . . .     Spirit   .   b - +0 robe
rPois    .         Reflect  .   (no helmet)
rElec    .         Harm     .   (no cloak)
rCorr    .         Rampage  .   (no gloves)
Will     .....                  (no boots)
Stlth    ++........             (no amulet)
HPRegen  0.06/turn              d - ring of ice
MPRegen  0.09/turn              (no ring)

@: no status effects
A: condensation shield
a: no special abilities


You were on level 1 of the Dungeon.
You visited 1 branch of the dungeon, and saw 1 of its levels.

Inventory:

Hand Weapons
 a - a +1 dagger of flaming (weapon)
Armour
 b - a +0 robe (worn)
Jewellery
 d - a ring of ice (left hand)


   Skills:
 + Level 0.7 Fighting
 + Level 1.2 Short Blades
 + Level 2.0 Dodging
 - Level 2.6 Stealth
 - Level 2.0 Spellcasting
 + Level 3.1 Hexes


You had 4 spell levels left.
You knew the following spells:

 Your Spells              Type           Power      Damage    Failure   Level
a - Corona                Hex            12%        N/A       6%          1

Your spell library contained the following spells:

 Spells                   Type           Power      Damage    Failure   Level
 Ensorcelled Hibernation  Hex/Ice        18%        N/A       17%         2
 Confusing Touch          Hex            11%        N/A       19%         3
 Tukima's Dance           Hex            11%        N/A       19%         3
 Dazzling Flash           Conj/Hex       12%        N/A       34%         3


Dungeon Overview and Level Annotations

Branches:
Dungeon (1/15)

Altars:


Innate Abilities, Weirdness & Mutations

A meltable shield of frost defends you. (SH +4)


Message History

The bat hits you. You block the jackal's attack. x2
You see here a jackal corpse.
You are too injured to fight recklessly!
You hit the jackal but do no damage.
The jackal is lightly wounded.
The bat hits you. The jackal bites you. You block the jackal's attack.
The jackal closely misses you. x2
You are too injured to fight recklessly!
The bat hits you but does no damage.
You are too injured to fight recklessly!
You hit the bat.
The bat is moderately wounded.
The bat closely misses you.
You are too injured to fight recklessly!
The bat hits you but does no damage. The jackal bites you. x2
* * * LOW HITPOINT WARNING * * *
The jackal bites you.
* * * LOW HITPOINT WARNING * * *
The jackal closely misses you.
You see here a jackal corpse.
You hit the bat.
You kill the bat!
The jackal bites you.
* * * LOW HITPOINT WARNING * * *
As you read the scroll labelled NUCIAMM CITT, it crumbles to dust.
It is a scroll of brand weapon.
Your +1 dagger is engulfed in flames!
a - a +1 dagger of flaming (weapon)
You block the jackal's attack.
Unknown command.
As you read the scroll labelled JEPTOR ZUMENAFF, it crumbles to dust.
The creatures around you are filled with an inner flame!
It was a scroll of immolation.
The jackal bites you.
* * * LOW HITPOINT WARNING * * *
It was a potion of degeneration.
There was something very wrong with that liquid.
You feel weakened.
You feel dopey.
You feel clumsy. You block the jackal's attack. The jackal closely misses you.
The jackal bites you.
You die...

#......# ...##
##.....#. ..#.##
##.............##
###..#####.##...S.#
######...###..!...#..#.
#......### #........ ..
##.##### #.......#
#...##### #.......#
###...@.# #......#
#####h###......#
#..##......#
##$h†......#
####......# ..##.(...
### ####.


You could see 2 jackals.

Vanquished Creatures
  2 goblins (D:1)
  4 hobgoblins (D:1)
  2 jackals (D:1)
  A kobold (D:1)
  A bat (D:1)
10 creatures vanquished.

Notes
Turn   | Place    | Note
-------+----------+-------------------------------------------
     0 | D:1      | Sharkman1231 the Demonspawn Enchanter began the quest for
                  | the Orb.
     0 | D:1      | Reached XP level 1. HP: 13/13 MP: 3/3
    19 | D:1      | Reached skill level 1 in Short Blades
   648 | D:1      | Gained mutation: A meltable shield of frost defends you.
                  | (SH +4) [demonic ancestry]
   648 | D:1      | Reached XP level 2. HP: 8/20 MP: 5/5
   937 | D:1      | Slain by a jackal

Illustrated notes

Levels and vault maps discovered:
D:1:      dpeg_arrival_morbid_curiosity, layout_rooms

Skill      XL: |  1 |
---------------+----+-----
Short Blades   | 1 |  1.2
Dodging        | 2 |  2.0
Fighting       | |  0.7
Stealth        | |  2.6
Spellcasting   | |  2.0
Hexes          | |  3.1

Action                   || total
-------------------------++-------
Melee: Dagger            ||    60
 Cast: Corona            ||     1
  Use: Scroll            ||     2
       Potion            ||     1
Armor: Robe              ||     7
Dodge: Dodged            ||    55
Block: Other             ||     7
